 Dungeon Crawl Stone Soup version 0.31-a0-231-g51bb95cda3 (webtiles) character file.

Game seed: 8208337732939224189

5750 qw the Skirmisher (level 10, -1/91 HPs)
             Began as a Minotaur Hexslinger on July 6, 2023.
             Was a Follower of Okawaru.
             Slain by an elephant (2 damage)
             ... on level 1 of the Lair of Beasts.
             The game lasted 00:03:33 (8707 turns).

qw the Skirmisher (Minotaur Hexslinger)             Turns: 8707, Time: 00:03:33

Health: -1/91      AC:  9    Str: 12    XL:     10   Next: 49%
Magic:  7/12       EV: 19    Int: 13    God:    Okawaru [*.....]
Gold:   306        SH:  0    Dex: 18    Spells: 10/11 levels left

rFire   + . .        Y - +2 sling
rCold   . . .        (no shield)
rNeg    . . .        g - +2 robe of the Villain {rF+ Int+3 Slay+3}
rPois   +            (helmet restricted)
rElec   .            (no cloak)
rCorr   .            l - +0 pair of gloves
SInv    +            e - +0 pair of boots
Will    .....        (no amulet)
Stlth   +++          i - ring of see invisible
HPRegen 0.35/turn    (no ring)
MPRegen 0.13/turn

%: no passive effects
@: heroic
A: horns 2, retaliatory headbutt, iridescent scales 1, poison resistance,
subdued magic 1
a: Renounce Religion, Heroism


You were on level 1 of the Lair of Beasts.
You worshipped Okawaru.
Okawaru was aware of your devotion.
You visited 3 branches of the dungeon, and saw 10 of its levels.

You collected 486 gold pieces.
You spent 180 gold pieces at shops.


Innate Abilities, Weirdness & Mutations

You have a pair of horns on your head.
You reflexively headbutt those who attack you in melee.
You are partially covered in iridescent scales. (AC +2)
Your system is resistant to poisons. (rPois)
Your spells are a little easier to cast, but a little less powerful.


   Skills:
 - Level 9.0(14.0) Fighting
 + Level 13.1(18.1) Ranged Weapons
 - Level 2.4(7.4) Armour
 - Level 6.1(11.1) Dodging
 - Level 1.0 Spellcasting
 - Level 2.0 Hexes
 - Level 4.0 Invocations


You had 10 spell levels left.
You knew the following spells:

 Your Spells              Type           Power      Damage    Failure   Level
a - Slow                  Hex            16%        N/A       10%         1

Your spell library contained the following spells:

 Spells                   Type           Power      Damage    Failure   Level
 Inner Flame              Hex/Fire       2%         N/A       45%         3
 Portal Projectile        Hex/Tloc       4%         N/A       45%         3
 Cause Fear               Hex            2%         N/A       73%         4

Inventory:

Hand Weapons
 Y - a +2 sling (weapon)
Armour
 e - a +0 pair of boots (worn)
 g - the +2 robe of the Villain (worn) {rF+ Int+3 Slay+3}
   (You found it on level 3 of the Dungeon)

   Int:       It affects your intelligence (+3).
   Slay:      It affects your accuracy & damage with ranged weapons and melee
   (+3).
   rF:        It protects you from fire.
 l - a +0 pair of gloves (worn)
Jewellery
 i - a ring of see invisible (left hand)
 j - a ring of ice
 m - a ring of see invisible
Scrolls
 c - a scroll of identify
Potions
 b - a potion of mutation
 d - a potion of haste
 k - 5 potions of curing
 n - a potion of heal wounds {unknown}
 o - a potion of cancellation {unknown}
 p - a potion of resistance

Dungeon Overview and Level Annotations

Branches:
Dungeon (8/15)             Temple (1/1) D:7            Lair (1/5) D:8

Altars:
Cheibriados
Dithmenos
Elyvilon
Fedhas
Gozag
Kikubaaqudgha
Makhleb
Nemelex Xobeh
Okawaru
Qazlal
Ru
Sif Muna
Trog
Uskayaw
Vehumet
Wu Jian
Xom
Yredelemnul
Zin
The Shining One

Shops:
D:5 ==   D:6 =

Annotations:
D:3 1 runed translucent door, qw's ghost, amateur GrHs
D:6 2 transporters, 1 runed translucent door, Crazy Yiuf


Message History

The elephant is heavily wounded.
You shoot a sling bullet. The sling bullet hits the elephant.
The elephant is severely wounded.
The elephant tramples you!
You stumble backwards!
You shoot a sling bullet. The sling bullet hits the elephant.
The elephant is severely wounded.
The elephant misses you. The elephant completely misses you.
You shoot a sling bullet. The sling bullet hits the elephant.
The elephant is severely wounded.
You shoot a sling bullet.
The sling bullet hits the elephant but does no damage.
The elephant is severely wounded.
The elephant tramples you!
You stumble backwards!
Found a potion of curing.
You shoot a sling bullet. The sling bullet hits the elephant!
The elephant is almost dead.
The elephant tramples you but does no damage.
The elephant trunk-slaps you but does no damage.
The elephant tramples you!
You hold your ground!
The elephant closely misses you.
You shoot a sling bullet. The sling bullet hits the elephant.
The elephant is almost dead.
You shoot a sling bullet. The sling bullet hits the elephant.
You kill the elephant!
Okawaru accepts your kill.
You feel like a meek peon again. The elephant completely misses you.
You furiously retaliate!
You headbutt the elephant.
The elephant trunk-slaps you but does no damage.
Your Invocations skill increases to level 4!
8706 ||| INVOKING Heroism.
You gain the combat prowess of a mighty hero.
The elephant tramples you.
You hold your ground!
The elephant closely misses you.
You shoot a sling bullet.
The sling bullet hits the elephant but does no damage.
The elephant is lightly wounded.
An elephant comes into view.
The elephant tramples you but does no damage.
The elephant trunk-slaps you.
You die...

.### ###.. ....###
#####.....
.......##.@.......
#.....#.%Y.......
#....#..........
#...#.........
#.............
###.%#.......!
####.<.........
#...Y.####.....
.........# .###


You could see 2 elephants.

Vanquished Creatures
  A two-headed ogre (D:7)
  2 elephants (Lair:1)
  A hornet (D:7)
  Eustachio (D:4)
  2 wyverns (D:8)
  4 yaks (D:8)
  3 wargs (D:8)
  An orc warrior (D:7)
  3 ice beasts
  A black bear (D:5)
  A phantom (D:6)
  Blork the orc (D:4)
  2 kobold brigands
  5 bullfrogs
  5 scorpions
  4 wights (D:3)
  5 killer bees (D:7)
  5 hounds
  A gnoll bouda (D:7)
  5 orc priests
  3 jellies
  Jessica (D:2)
  A sleepcap (D:6)
  4 iguanas
  11 orc wizards
  Robin (D:1)
  7 adders
  8 gnolls
  A white imp (D:5)
  2 ufetubi (D:6)
  6 worms
  24 orcs
  11 endoplasms
  7 giant cockroaches
  15 goblins
  12 hobgoblins
  4 quokkas
  6 ball pythons
  7 bats
  4 frilled lizards
  23 kobolds
  6 rats
217 creatures vanquished.

Notes
Turn   | Place    | Note
-------+----------+-------------------------------------------
     0 | D:1      | qw the Minotaur Hexslinger began the quest for the Orb.
     0 | D:1      | Reached XP level 1. HP: 16/16 MP: 1/1
     0 | D:1      | 0 ||| qw: Version: 0.3-a-46-gb1f654a
     0 | D:1      | 0 ||| qw: Game counter: 1899
     0 | D:1      | 0 ||| qw: Melee chars always use a shield: true
     0 | D:1      | 0 ||| qw: God list: Okawaru
     0 | D:1      | 0 ||| qw: Allow faded altars: false
     0 | D:1      | 0 ||| qw: Do Orc after clearing Dungeon:15 true
     0 | D:1      | 0 ||| qw: Do second Lair branch before Depths: true
     0 | D:1      | 0 ||| qw: Lair rune preference: random
     0 | D:1      | 0 ||| qw: Goals: Normal
     0 | D:1      | 0 ||| PLANNING D:1-11
   130 | D:1      | Reached skill level 3 in Ranged Weapons
   147 | D:1      | Reached XP level 2. HP: 23/23 MP: 2/2
   371 | D:1      | Found a faded altar of an unknown god.
   540 | D:1      | Reached XP level 3. HP: 29/29 MP: 3/3
   669 | D:1      | 669 ||| UPGRADING to +0 pair of boots.
   674 | D:1      | 674 ||| READING scroll labelled YTRE IXEUGROR.
   677 | D:1      | 677 ||| READING scroll labelled SUIXKU EWUSOA.
   678 | D:1      | 678 ||| READING scroll labelled HOAMNU WYDAIFU.
   679 | D:1      | 679 ||| READING scroll labelled QIBEMME ICVIFEF.
   680 | D:1      | 680 ||| READING scroll labelled KAOFUSSIKK.
   681 | D:1      | 681 ||| DRINKING 3 purple potions.
   682 | D:1      | 682 ||| DROPPING scroll of poison.
   730 | D:2      | Noticed Robin
   734 | D:2      | 734 ||| STAIRDANCE
   738 | D:1      | Reached skill level 4 in Ranged Weapons
   771 | D:2      | 771 ||| STAIRDANCE
   821 | D:2      | 821 ||| STAIRDANCE
   870 | D:2      | 870 ||| STAIRDANCE
   875 | D:1      | Killed Robin
   939 | D:2      | Reached XP level 4. HP: 36/36 MP: 4/4
   947 | D:2      | Noticed Jessica
   959 | D:2      | Killed Jessica
   960 | D:2      | Reached skill level 5 in Ranged Weapons
  1607 | D:2      | Reached skill level 3 in Fighting
  1661 | D:2      | 1661 ||| DROPPING +6 ring of intelligence.
  1662 | D:2      | 1662 ||| READING scroll labelled LIQUXO VABUL.
  1663 | D:2      | 1663 ||| READING scroll labelled BYNO DIHEGRAISS.
  1711 | D:3      | Identified the +2 robe of the Villain {rF+ Int+3 Slay+3}
  1746 | D:3      | Found a runed translucent door.
  1748 | D:3      | Reached XP level 5. HP: 45/45 MP: 5/5
  1749 | D:3      | 1749 ||| UPGRADING to +2 robe of the Villain {rF+ Int+3
                  | Slay+3}.
  1768 | D:3      | 1768 ||| DRINKING 2 potions of curing.
  1768 | D:3      | 1768 ||| (to cure confusion)
  1797 | D:3      | 1797 ||| DROPPING +0 robe.
  1805 | D:3      | Noticed qw's ghost (amateur GrHs)
  1880 | D:3      | Reached skill level 6 in Ranged Weapons
  1959 | D:3      | Reached XP level 6. HP: 49/52 MP: 6/6
  1967 | D:3      | HP: 2/51 [wight/+1 flail (12)]
  1968 | D:3      | 1968 ||| READING 2 scrolls of teleportation.
  1974 | D:3      | 1974 ||| READING scroll of teleportation.
  2220 | D:3      | Found a snail-covered altar of Cheibriados.
  2309 | D:3      | 2309 ||| DRINKING 2 glowing grey potions.
  2309 | D:3      | Gained mutation: You are partially covered in iridescent
                  | scales. (AC +2) [potion of mutation]
  2309 | D:3      | Gained mutation: Your spells are a little easier to cast,
                  | but a little less powerful. [potion of mutation]
  2309 | D:3      | Gained mutation: Your system is resistant to poisons.
                  | (rPois) [potion of mutation]
  2484 | D:4      | Reached skill level 7 in Ranged Weapons
  2740 | D:4      | Noticed Blork the orc
  2747 | D:4      | Killed Blork the orc
  2748 | D:4      | Reached XP level 7. HP: 58/60 MP: 7/7
  2783 | D:4      | Noticed Eustachio
  2803 | D:4      | Killed Eustachio
  2804 | D:4      | Reached skill level 8 in Ranged Weapons
  2961 | D:4      | You fall into a shaft and drop 1 floor!
  2961 | D:5      | Entered Level 5 of the Dungeon
  2997 | D:5      | Reached skill level 3 in Dodging
  3665 | D:5      | Found Gich's Jewellery Shop.
  3669 | D:5      | 3669 ||| SHOPLISTING +5 ring of evasion (432 gold, have
                  | 215).
  3669 | D:5      | 3669 ||| SHOPLISTING amulet of faith (480 gold, have 215).
  3669 | D:5      | 3669 ||| SHOPLISTING amulet of reflection (360 gold, have
                  | 215).
  3669 | D:5      | 3669 ||| SHOPLISTING ring of fire (300 gold, have 215).
  3669 | D:5      | 3669 ||| BUYING ring of see invisible (180 gold).
  3669 | D:5      | Bought a ring of see invisible for 180 gold pieces
  3669 | D:5      | 3669 ||| SHOPLISTING ring of see invisible (180 gold, have
                  | 35).
  3669 | D:5      | 3669 ||| SHOPLISTING ring of willpower (300 gold, have 35).
  3695 | D:5      | Reached skill level 9 in Ranged Weapons
  3699 | D:5      | Reached XP level 8. HP: 58/68 MP: 8/8
  3738 | D:5      | Found Bofadyse's Jewellery Boutique.
  3744 | D:5      | 3744 ||| SHOPLISTING +4 ring of protection (396 gold, have
                  | 35).
  3744 | D:5      | 3744 ||| SHOPLISTING +6 ring of dexterity (396 gold, have
                  | 35).
  3744 | D:5      | 3744 ||| SHOPLISTING +6 ring of strength (396 gold, have
                  | 35).
  4286 | D:5      | 4286 ||| UPGRADING to +0 pair of gloves.
  4291 | D:5      | 4291 ||| UPGRADING to ring of see invisible.
  4399 | D:6      | Reached skill level 6 in Fighting
  4433 | D:6      | Found a transporter.
  4504 | D:6      | Found Jiloyq's Jewellery Shoppe.
  4515 | D:6      | 4515 ||| SHOPLISTING +4 ring of protection (396 gold, have
                  | 135).
  4515 | D:6      | 4515 ||| SHOPLISTING +4 ring of slaying (858 gold, have
                  | 135).
  4515 | D:6      | 4515 ||| SHOPLISTING amulet of reflection (330 gold, have
                  | 135).
  4515 | D:6      | 4515 ||| SHOPLISTING ring of resist corrosion (220 gold,
                  | have 135).
  4515 | D:6      | 4515 ||| SHOPLISTING ring of willpower (275 gold, have
                  | 135).
  4657 | D:6      | Found a runed translucent door.
  4658 | D:6      | Noticed Crazy Yiuf
  4697 | D:6      | Found a transporter.
  4778 | D:6      | Reached skill level 10 in Ranged Weapons
  5182 | D:6      | 5182 ||| Stepping ~*~*~tactically~*~*~ (outnumbered).
  5201 | D:6      | HP: 11/71 [acid (8)]
  5675 | D:6      | 5675 ||| DRINKING 2 dark potions.
  5715 | D:6      | 5715 ||| DROPPING potion of lignification.
  5990 | D:7      | Found a flagged portal.
  6140 | D:7      | Reached XP level 9. HP: 77/79 MP: 9/9
  6150 | D:7      | HP: 19/79 [killer bee (8)]
  6155 | D:7      | HP: 13/79 [poisoned by a killer bee]
  6385 | D:7      | 6385 ||| Stepping ~*~*~tactically~*~*~ (outnumbered).
  6387 | D:7      | 6387 ||| Stepping ~*~*~tactically~*~*~ (outnumbered).
  6391 | D:7      | 6391 ||| Stepping ~*~*~tactically~*~*~ (outnumbered).
  6398 | D:7      | 6398 ||| Stepping ~*~*~tactically~*~*~ (outnumbered).
  6400 | D:7      | 6400 ||| Stepping ~*~*~tactically~*~*~ (outnumbered).
  6401 | D:7      | 6401 ||| Stepping ~*~*~tactically~*~*~ (outnumbered).
  6713 | D:7      | Reached skill level 11 in Ranged Weapons
  6750 | D:7      | Noticed a two-headed ogre
  6762 | D:7      | Killed a two-headed ogre
  6763 | D:7      | Reached skill level 12 in Ranged Weapons
  6931 | D:7      | Found a staircase to the Ecumenical Temple.
  6932 | D:7      | 6932 ||| PLANNING TEMPLE
  6932 | D:7      | 6932 ||| READING scroll labelled CUNGYHA BUYRAWNICK.
  6933 | D:7      | 6933 ||| READING scroll labelled NOYSMEHYSA.
  6934 | D:7      | 6934 ||| READING scroll labelled WEUTHRA RASKAA.
  7048 | D:7      | 7048 ||| READING 2 scrolls of identify.
  7048 | D:7      | 7048 ||| IDENTIFYING white potion
  7054 | Temple   | Entered the Ecumenical Temple
  7060 | Temple   | 7060 ||| PLANNING OKAWARU WORSHIP
  7103 | Temple   | Became a worshipper of Warmaster Okawaru
  7104 | Temple   | 7104 ||| PLANNING D:1-11
  7506 | D:8      | Reached skill level 6 in Dodging
  7506 | D:8      | 7506 ||| FLEEEEING.
  7507 | D:8      | 7507 ||| FLEEEEING.
  7508 | D:8      | 7508 ||| FLEEEEING.
  7509 | D:8      | 7509 ||| FLEEEEING.
  7510 | D:8      | 7510 ||| FLEEEEING.
  7511 | D:8      | 7511 ||| FLEEEEING.
  7512 | D:8      | 7512 ||| FLEEEEING.
  7513 | D:8      | 7513 ||| FLEEEEING.
  7514 | D:8      | 7514 ||| FLEEEEING.
  7515 | D:8      | 7515 ||| STAIRDANCE
  7678 | D:8      | 7678 ||| STAIRDANCE
  7682 | D:7      | Reached * piety under Okawaru
  7683 | D:7      | Reached XP level 10. HP: 56/89 MP: 10/10
  7943 | D:8      | Reached skill level 1 in Invocations
  8014 | D:8      | 8014 ||| INVOKING Heroism.
  8037 | D:8      | 8037 ||| FLEEEEING.
  8038 | D:8      | 8038 ||| FLEEEEING.
  8039 | D:8      | 8039 ||| FLEEEEING.
  8044 | D:8      | 8044 ||| INVOKING Heroism.
  8099 | D:8      | 8099 ||| FLEEEEING.
  8100 | D:8      | 8100 ||| FLEEEEING.
  8101 | D:8      | 8101 ||| FLEEEEING.
  8102 | D:8      | 8102 ||| FLEEEEING.
  8103 | D:8      | 8103 ||| FLEEEEING.
  8104 | D:8      | 8104 ||| FLEEEEING.
  8105 | D:8      | 8105 ||| FLEEEEING.
  8106 | D:8      | 8106 ||| FLEEEEING.
  8107 | D:8      | 8107 ||| FLEEEEING.
  8108 | D:8      | 8108 ||| FLEEEEING.
  8109 | D:8      | 8109 ||| FLEEEEING.
  8110 | D:8      | 8110 ||| FLEEEEING.
  8111 | D:8      | 8111 ||| FLEEEEING.
  8112 | D:8      | 8112 ||| FLEEEEING.
  8113 | D:8      | 8113 ||| FLEEEEING.
  8114 | D:8      | 8114 ||| FLEEEEING.
  8115 | D:8      | 8115 ||| FLEEEEING.
  8116 | D:8      | 8116 ||| FLEEEEING.
  8117 | D:8      | 8117 ||| FLEEEEING.
  8118 | D:8      | 8118 ||| FLEEEEING.
  8119 | D:8      | 8119 ||| FLEEEEING.
  8120 | D:8      | 8120 ||| FLEEEEING.
  8121 | D:8      | 8121 ||| FLEEEEING.
  8122 | D:8      | 8122 ||| FLEEEEING.
  8123 | D:8      | 8123 ||| FLEEEEING.
  8124 | D:8      | 8124 ||| FLEEEEING.
  8125 | D:8      | 8125 ||| FLEEEEING.
  8126 | D:8      | 8126 ||| FLEEEEING.
  8127 | D:8      | 8127 ||| FLEEEEING.
  8227 | D:8      | Reached skill level 13 in Ranged Weapons
  8242 | D:8      | Found a staircase to the Lair.
  8597 | D:8      | 8597 ||| PLANNING LAIR
  8597 | D:8      | 8597 ||| READING scroll labelled SOSUEMPUFE.
  8598 | D:8      | 8598 ||| DRINKING 2 amethyst potions.
  8599 | D:8      | 8599 ||| DRINKING 2 fuming silvery potions.
  8600 | D:8      | 8600 ||| DROPPING potion of brilliance.
  8601 | D:8      | 8601 ||| DROPPING potion of attraction.
  8664 | Lair:1   | Entered Level 1 of the Lair of Beasts
  8669 | Lair:1   | Noticed an elephant
  8672 | Lair:1   | Noticed an elephant
  8678 | Lair:1   | Noticed an elephant
  8687 | Lair:1   | 8687 ||| INVOKING Heroism.
  8687 | Lair:1   | Killed an elephant
  8688 | Lair:1   | Reached skill level 3 in Invocations
  8690 | Lair:1   | Reached skill level 9 in Fighting
  8702 | Lair:1   | HP: 16/91 [elephant (12)]
  8703 | Lair:1   | HP: 6/91 [elephant (10)]
  8705 | Lair:1   | Killed an elephant
  8706 | Lair:1   | 8706 ||| INVOKING Heroism.
  8706 | Lair:1   | HP: 1/91 [elephant (6)]
  8707 | Lair:1   | Noticed an elephant
  8707 | Lair:1   | Slain by an elephant

Levels and vault maps discovered:
D:1:      dpeg_arrival_stone_temple_mockup, layout_basic,
          hellmonk_ecumenical_altar_heavens_door
D:2:      layout_loops_ring, moated_statue, uniq_jessica, uniq_robin
D:3:      layout_rooms, cheibrodos_worm_habitat, ebering_ghost_sewer_d
D:4:      layout_loops_corners, grunt_ministairs_10, uniq_blork_the_orc,
          uniq_eustachio
D:5:      layout_loops_corners, serial_shops, nicolae_shop_getting_attention,
          minmay_misc_feat_doors, minmay_shop_enchanted_jewellery
D:6:      gammafunk_cloud_chamber, layout_layer_cave, serial_shops,
          nicolae_lakefront_shop, serial_bayou_crossing, uniq_crazy_yiuf_cottage
D:7:      layout_basic, temple_green, enter_bailey_8
D:8:      layout_basic, erik_lair_orcish_takeover
Temple:   hellmonk_temple_of_storms
Lair:1:   layout_cave_pods, hellmonk_guarded_unrand_seven_league_boots

Skill      XL: |  1  2  3  4  5  6  7  8  9 10 |
---------------+-------------------------------+-----
Ranged Weapons | 3 4 5 6 7 9 10 12 13 | 13.1
Fighting       | 2 3 4 5 7 8 9 |  9.0
Dodging        | 3 4 6 |  6.1
Armour         | 2 |  2.4
Invocations    | 4 |  4.0
Spellcasting   | |  1.0
Hexes          | |  2.0

Action                     |  1- 3 |  4- 6 |  7- 9 | 10-12 || total
---------------------------+-------+-------+-------+-------++-------
   Fire: Sling             |   104 |   192 |   369 |   117 ||   782
 Invoke: Heroism           |       |       |       |     4 ||     4
    Use: Scroll            |     5 |     4 |     4 |     1 ||    14
         Potion            |     1 |     2 |     1 |     2 ||     6
 Armour: Robe              |    17 |     5 |    51 |    18 ||    91
  Dodge: Dodged            |    37 |    33 |   119 |    49 ||   238

Table legend:
 A = Non-vault XP
 B = Vault XP
 C = Vault XP percentage of total XP
 D = Non-vault monster count
 E = Vault monster count
 F = Vault count percentage of total count
                 A         B        C        D         E       F
            +---------+---------+-------+---------+---------+-------
      Total |    7108 |    1107 |  13.5 |     190 |      27 |  12.4
            +---------+---------+-------+---------+---------+-------
        D:1 |      57 |      31 |  35.2 |      26 |       9 |  25.7
        D:2 |      53 |      43 |  44.8 |      22 |       4 |  15.4
        D:3 |     440 |       5 |   1.1 |      26 |       1 |   3.7
        D:4 |     136 |     354 |  72.2 |      16 |       4 |  20.0
        D:5 |     562 |       0 |   0.0 |      18 |       0 |   0.0
        D:6 |     850 |       0 |   0.0 |      26 |       0 |   0.0
        D:7 |    2322 |       0 |   0.0 |      31 |       0 |   0.0
        D:8 |    1529 |     674 |  30.6 |      21 |       9 |  30.0
     Lair:1 |    1159 |       0 |   0.0 |       4 |       0 |   0.0
            +---------+---------+-------+---------+---------+-------
